 Dungeon Crawl Stone Soup version 0.26-a0-597-gb535b0901c (webtiles) character file.

Game seed: 3450674847946228926

(classic levelgen) 1088 EnegeticOcto the Chopper (level 8, -1/73 HPs)
             Began as a Deep Dwarf Fighter on Aug 27, 2020.
             Slain by a gnoll
             ... wielding a +0 halberd
              (12 damage)
             ... on level 6 of the Dungeon.
             The game lasted 00:01:21 (1911 turns).

EnegeticOcto the Chopper (Deep Dwarf Fighter)       Turns: 1911, Time: 00:01:22

Health: -1/73      AC:  8    Str: 21    XL:     8   Next: 9%
Magic:  8/8        EV:  7    Int: 10    God:
Gold:   204        SH: 10    Dex: 12    Spells: 7/7 levels left

rFire    . . .     SeeInvis .   a - +0 war axe
rCold    . . .     Faith    .   c - +0 kite shield
rNeg     . . .     Spirit   .   b - +0 scale mail
rPois    .         Reflect  .   (no helmet)
rElec    .         Harm     .   (no cloak)
rCorr    .                      r - +0 pair of gloves
MR       +....                  (no boots)
Stlth    ..........             (no amulet)
HPRegen  0.00/turn              (no ring)
MPRegen  0.11/turn              (no ring)

@: non-regenerating
A: damage resistance, heal wounds, sense surroundings 1, no regeneration
a: Heal Wounds


You were on level 6 of the Dungeon.
You visited 2 branches of the dungeon, and saw 7 of its levels.

You collected 204 gold pieces.

Inventory:

Hand Weapons
 a - a +0 war axe (weapon)
Armour
 b - a +0 scale mail (worn)
 c - a +0 kite shield (worn)
 r - a +0 pair of gloves (worn)
Jewellery
 q - an uncursed ring of protection from fire {unknown}
Wands
 m - a wand of acid (4) {@v1}
 p - a wand of polymorph (7)
Scrolls
 e - 3 scrolls of remove curse {unknown}
 f - a scroll of teleportation {unknown}
 h - 4 scrolls of amnesia {unknown}
 j - a scroll of magic mapping {unknown}
 n - 3 scrolls of identify {unknown}
Potions
 d - a potion of might {@q3}
 g - 3 potions of heal wounds {unknown}
 i - a potion of flight {unknown}
 k - a potion of stabbing {unknown}
 l - a potion of haste {unknown}
 o - a potion of berserk rage {unknown}
 s - a potion of curing {unknown}


   Skills:
 + Level 4.7 Fighting
 * Level 6.9 Axes
 + Level 5.6 Armour
 + Level 5.7 Shields


You had 7 spell levels left.
You didn't know any spells.
Your spell library was empty.

Dungeon Overview and Level Annotations

Branches:
Dungeon (6/15)             Temple (1/1) D:5

Altars:
Ashenzari
Cheibriados
Elyvilon
Hepliaklqana
Nemelex Xobeh
Ru
Trog
Uskayaw
Vehumet
Wu Jian
Xom
The Shining One


Innate Abilities, Weirdness & Mutations

You are resistant to damage.
You can heal yourself by infusing magical energy.
You passively map a small area around you.
You do not regenerate.


Message History

An orc comes into view. It is wielding a +0 club.
You barely miss the orc. x2
The orc shouts!
The orc hits you but does no damage. You block the orc's attack. x2
You slash the orc!
You kill the orc!
You hit the orc but do no damage. The orc barely misses you.
The orc hits you but does no damage. x2
There are monsters nearby!
There are monsters nearby!
There are monsters nearby!
There are monsters nearby!
There are monsters nearby!
You closely miss the orc. You block the orc's attack.
The orc curses noisily.
The orc hits you.
The orc hits you from afar with a +0 trident.
You slash the orc!
You kill the orc!
The orc hits you but does no damage. You block the orc's attack.
The orc hits you but does no damage.
Things that are here:
a +0 dagger; a +0 robe You slash the orc!
You kill the orc!
You hit the orc. The orc hits you but does no damage.
You slash the orc!
You kill the orc!
No target in view!
No target in view!
No target in view!
No target in view!
No target in view!
No target in view!
No target in view!
No target in view!
No target in view!
No target in view!
No target in view!
Things that are here:
a +0 club; a +0 leather armour
Things that are here:
a +1 short sword of venom; an orc corpse You now have 198 gold pieces (gained 12).
Things that are here:
a +1 short sword of venom; an orc corpse
Found a stone staircase leading up.
You now have 204 gold pieces (gained 6).
Found a stone staircase leading down.
h - 4 scrolls labeled CEPEIKI KIMUOL (gained 2) 5 gnolls and a gnoll shaman come into view.
The gnoll shaman is wielding a +1 whip of electrocution.
The gnoll shaman shouts!
The gnoll shouts! x2
The gnoll moves out of view.
You block the gnoll's attack. The gnoll hits you but does no damage.
Found a club.
You hit the gnoll.
The gnoll is lightly wounded.
You hit the gnoll. The gnoll hits you with a +0 flail.
You barely miss the gnoll.
The gnoll is lightly wounded.
Your shield and scale mail prevent you from hitting the gnoll shaman.
You block the gnoll's attack.
A jelly comes into view.
The gnoll hits you from afar with a +0 halberd.
You block the gnoll's attack.
The jelly quivers.
You hit the gnoll.
The gnoll is heavily wounded.
You barely miss the gnoll shaman. You block the gnoll shaman's attack.
The gnoll hits you from afar with a +0 halberd! x2
* * * LOW HITPOINT WARNING * * *
You block the gnoll's attack.
You are too injured to fight recklessly!
You are too injured to fight recklessly!
You are too injured to fight recklessly!
You are too injured to fight recklessly!
You are too injured to fight recklessly!
You are too injured to fight recklessly!
You are too injured to fight recklessly!
You are too injured to fight recklessly!
You are too injured to fight recklessly!
You are too injured to fight recklessly!
You are too injured to fight recklessly!
You are too injured to fight recklessly!
You are too injured to fight recklessly!
You are too injured to fight recklessly!
You are too injured to fight recklessly!
You are too injured to fight recklessly!
You fail to use your ability.
You block the gnoll's attack.
The gnoll hits you from afar with a +0 halberd!
* * * LOW HITPOINT WARNING * * *
You are too injured to fight recklessly!
You are too injured to fight recklessly!
You are too injured to fight recklessly!
You are too injured to fight recklessly!
The gnoll hits you but does no damage. The gnoll hits you with a +0 club.
* * * LOW HITPOINT WARNING * * *
The gnoll closely misses you. The gnoll hits you with a +0 halberd!
You die...

...## * , ....### ....#*
, ### ......## .... *
#.#####.......##... . ,
###.##.#..<......#..# )#
..........# ........#..#
*
.........####.#........#
..#..#........##gg......
............#..#@gJ.....*
8...8..##...#...gg#....#
.......#.......g.## .$#
8.8.8.###..#>.##.#, ,.,
,, ,, ..........###..#...
, 8.8.8....## #......., ,
, ..)........*......$...,
, 8).........*..........
..)....##..##. .....# , ,


You could see a gnoll shaman, a jelly and 5 gnolls.

Vanquished Creatures
  Pikel (D:5)
  A phantom (D:4)
  A bullfrog (D:4)
  A howler monkey (D:4)
  A bullfrog zombie (D:5)
  A jelly (D:5)
  A bullfrog skeleton (D:5)
  2 iguanas
  2 orc priests (D:6)
  3 orc wizards
  Ijyb (D:5)
  3 worker ants
  3 adders
  An ufetubus (D:6)
  An ooze (D:5)
  A worm (D:3)
  12 orcs
  3 giant cockroaches
  3 bats
  3 frilled lizards
  2 kobolds (D:1)
  3 rats (D:1)
50 creatures vanquished.

Notes
Turn   | Place    | Note
-------+----------+-------------------------------------------
     0 | D:1      | EnegeticOcto the Deep Dwarf Fighter began the quest for the
                  | Orb.
     0 | D:1      | Reached XP level 1. HP: 20/20 MP: 1/1
   129 | D:2      | Reached XP level 2. HP: 20/27 MP: 2/2
   230 | D:4      | Noticed a howler monkey
   236 | D:4      | Killed a howler monkey
   236 | D:4      | Reached skill level 3 in Axes
   236 | D:4      | Reached XP level 3. HP: 19/34 MP: 3/3
   247 | D:4      | Noticed a phantom
   253 | D:4      | Reached XP level 4. HP: 22/42 MP: 4/4
   353 | D:4      | Killed a phantom
   353 | D:4      | Reached skill level 4 in Axes
   353 | D:4      | Reached XP level 5. HP: 34/49 MP: 5/5
   392 | D:4      | Found a hazy altar of Hepliaklqana.
   404 | D:4      | Reached XP level 6. HP: 40/56 MP: 6/6
   433 | D:4      | Found a white marble altar of Elyvilon.
   848 | D:5      | Entered Level 5 of the Dungeon
   898 | D:5      | Reached skill level 5 in Axes
   919 | D:5      | Noticed Pikel
   943 | D:5      | Killed Pikel
   943 | D:5      | Reached skill level 6 in Axes
   943 | D:5      | Reached skill level 5 in Armour
   943 | D:5      | Reached skill level 5 in Shields
   943 | D:5      | Reached XP level 7. HP: 47/66 MP: 7/7
  1065 | D:5      | Noticed Ijyb
  1072 | D:5      | Killed Ijyb
  1084 | D:5      | Found a staircase to the Ecumenical Temple.
  1140 | Temple   | Entered the Ecumenical Temple
  1357 | D:5      | Found a glowing drain.
  1791 | D:6      | Found a shimmering altar of Xom.
  1801 | D:6      | Reached XP level 8. HP: 30/73 MP: 8/8
  1911 | D:6      | Slain by a gnoll

Illustrated notes

Levels and vault maps discovered:
D:1:      ncdulo_wetmaze, layout_basic
D:2:      layout_loops_ring, nicolae_overflow_crystal_walls,
          overflow_temple_1_default, uniq_natasha
D:3:      layout_loops_ring, fedhas_altar_4, lemuel_zombie_altar_yredelemnul,
          serial_rivers, chequers_serial_rivers_micro_a,
          chequers_serial_rivers_small_b, chequers_serial_rivers_small_b,
          chequers_serial_rivers_room_a, chequers_serial_rivers_micro_c,
          chequers_ecumenical_altar_simple, uniq_robin, uniq_terence
D:4:      layout_basic, lemuel_crystal_altar, elyvilon_altar_5,
          hangedman_decor_diamond_cutter
D:5:      layout_loops_ring, minmay_temple_entry_mist, portal_sewer_entry_e,
          st_stairs_7, uniq_ijyb, uniq_pikel
D:6:      layout_cave_pools, nicolae_dithmenos_shadow_blocks,
          serial_column_ruins, column_ruins_square_small,
          column_ruins_corridor_corner, column_ruins_open_small,
          column_ruins_grid_1, column_ruins_grid_4, column_ruins_open_large,
          basic_altar, uniq_maggie
Temple:   zaba_magenta_temple

Skill      XL: |  1  2  3  4  5  6 |
---------------+-------------------+-----
Fighting       | 3 4 |  4.7
Axes           | 3 4 6 |  6.9
Armour         | 4 5 |  5.6
Shields        | 4 5 |  5.7

Action                   |  1- 3 |  4- 6 |  7- 9 || total
-------------------------+-------+-------+-------++-------
Melee: War axe           |    47 |   107 |    74 ||   228
 Abil: Heal Wounds       |     1 |     6 |     2 ||     9
Armor: Scale mail        |    34 |    55 |    27 ||   116
Dodge: Dodged            |    19 |    26 |    12 ||    57
Block: Kite shield       |    33 |    63 |    42 ||   138

Table legend: (Time is in decaauts)
 A = Elapsed time spent in this place.
 B = Non-inter-level travel time spent in this place.
 C = Inter-level travel time spent in this place.
 D = Time resting spent in this place.
 E = Time spent auto-exploring this place.
 F = Levels seen in this place.
 G = Mean time per level.
                   A        B        C        D        E       F      G
               +--------+--------+--------+--------+--------+-----+--------+
         Total |   1999 |   1865 |    134 |      0 |   1367 |   7 |  285.6 |
       Dungeon |   1896 |   1779 |    117 |      0 |   1322 |   6 |  316.0 |
        Temple |    103 |     86 |     17 |      0 |     45 |   1 |  103.0 |
               +--------+--------+--------+--------+--------+-----+--------+

Top non-repeatable levels by time:
     D:5: 862 daAuts
     D:4: 675 daAuts
     D:1: 140 daAuts
     D:6: 132 daAuts
  Temple: 103 daAuts
     D:3: 76 daAuts
     D:2: 8 daAuts
